 Dungeon Crawl Stone Soup version 0.31-a0-620-gd1cbd99268 (webtiles) character file.

Game seed: 9886460312452199943

4183 Twinkles the Cleaver (level 10, 0/91 HPs)
             Began as a Minotaur Berserker on Aug 23, 2023.
             Was a High Priest of Trog.
             Slain by a shadow (16 damage)
             ... on level 8 of the Dungeon.
             The game lasted 00:09:58 (6533 turns).

Twinkles the Cleaver (Minotaur Berserker)           Turns: 6533, Time: 00:09:59

Health: 0/91       AC: 18    Str: 26    XL:     10   Next: 8%
Magic:  9/9        EV: 13    Int:  4    God:    Trog [*****.]
Gold:   359        SH:  0    Dex: 10    Spells: 9/9 levels left

rFire   . . .        z - +7 staff of the Meek {protect, meekguard}
rCold   + . .        (shield currently unavailable)
rNeg    . . .        O - +3 scale mail {rC+}
rPois   .            M - +2 hat
rElec   .            l - +0 cloak
rCorr   .            (no gloves)
SInv    .            e - +2 pair of boots
Will    ++...        (no amulet) Stlth
                     (no ring)
HPRegen 1.35/turn    (no ring)
MPRegen 0.11/turn

%: no passive effects
@: strong-willed, on berserk cooldown, regenerating, slowed, very slow
A: horns 2, retaliatory headbutt
a: Renounce Religion, Berserk, Trog's Hand, Brothers in Arms


You were on level 8 of the Dungeon.
You worshipped Trog.
Trog was extremely pleased with you.
You visited 1 branch of the dungeon, and saw 9 of its levels.

You collected 359 gold pieces.

Inventory:

Hand Weapons
 a - a +0 hand axe
 m - the +5 short sword of Jipaclum {pain, Str+2}
   (You found it on level 2 of the Dungeon)

   Str+2:     It affects your strength (+2).
 z - the +7 staff of the Meek (weapon) {protect, meekguard}
   (You found it on level 4 of the Dungeon)
 G - a +4 flail of protection
Missiles
 p - 5 poisoned darts
 K - 2 javelins
Armour
 b - a +0 animal skin
 e - a +2 pair of boots (worn)
 l - a +0 cloak (worn)
 o - a +2 leather armour of fire resistance
 A - a +0 kite shield
 M - a +2 hat (worn)
 O - a +3 scale mail of cold resistance (worn)
Jewellery
 v - a +6 ring of intelligence
 C - a ring of see invisible
Wands
 i - a wand of iceblast (11)
 q - a wand of flame (8)
 y - a wand of mindburst (18)
Scrolls
 d - 4 scrolls of teleportation {unknown}
 f - a scroll of butterflies {unknown}
 h - 2 scrolls of poison {unknown}
 j - 2 scrolls of identify {unknown}
 r - 5 scrolls of immolation {unknown}
 u - a scroll of enchant armour {unknown}
 w - 3 scrolls of fear {unknown}
 x - 2 scrolls of noise {unknown}
 B - 4 scrolls of fog {unknown}
 F - 2 scrolls of amnesia {unknown}
 J - a scroll of torment {unknown}
 N - a scroll of blinking {unknown}
Potions
 c - a potion of lignification {unknown}
 g - a potion of degeneration {unknown}
 k - 2 potions of heal wounds {unknown}
 n - 3 potions of berserk rage {unknown}
 s - 5 potions of curing {unknown}
 t - 2 potions of haste {unknown}
 D - a potion of mutation {unknown}
 E - a potion of ambrosia {unknown}
 H - a potion of might {unknown}
 I - a potion of attraction {unknown}
 L - a potion of brilliance {unknown}


   Skills:
 + Level 9.5 Fighting
 + Level 9.5 Axes
 + Level 9.1 Armour
 + Level 8.4 Dodging


You had 9 spell levels left.
You didn't know any spells.
Your spell library was empty.

Dungeon Overview and Level Annotations

Branches:
Dungeon (9/15) Zot: 26960  Temple (0/1) D:7
   Lair: D:8-11         Orc: D:9-12

Altars:
Ashenzari
Elyvilon
Fedhas
Hepliaklqana
Kikubaaqudgha
Nemelex Xobeh
Ru
Xom
Zin

Shops:
D:6 [

Annotations:
D:4 4 exclusions, Menkaure


Innate Abilities, Weirdness & Mutations

You have a pair of horns on your head.
You reflexively headbutt those who attack you in melee.


Message History

You feel sick. The shadow attacks as it pursues you! The shadow hits you.
The kobold brigand barely misses you. You furiously retaliate!
You headbutt the kobold brigand.
There is a stone staircase leading up here.
You feel sick. The shadow misses you. The shadow hits you.
The kobold brigand hits you but does no damage.
The kobold hits you but does no damage. x2
You climb upwards.
You feel your anger nearly subside.
You are no longer berserk.
You are exhausted.
You feel as though you will be slow longer.
You feel sick.
There is a stone staircase leading down here.
You are too injured to fight recklessly!
Okay, then.
Unknown command.
Your skin crawls.
You feel strong-willed.
You feel sick. The shadow barely misses you. The shadow hits you.
The kobold brigand completely misses you.
The kobold barely misses you. The kobold hits you but does no damage.
The shadow misses you. You furiously retaliate!
You headbutt the shadow!
You destroy the shadow!
Trog accepts your kill. The shadow barely misses you.
You feel sick. The kobold closely misses you. The kobold brigand misses you.
You furiously retaliate!
You headbutt the kobold brigand.
The shadow slips into darkness.
The shadow flickers and vanishes!
Deactivating autopickup; reactivate with Ctrl-A.
The kobold hits you but does no damage.
The kobold brigand hits you but does no damage.
The kobold closely misses you. You furiously retaliate!
You headbutt the kobold.
You kill the kobold!
Trog accepts your kill.
You feel sick.
You are no longer poisoned.
The shadow strikes at you from the darkness!
You die...

......#......)).##..##
.....##.....[........##
##.####...[)[...##....#
##.##.##...).<..####..#
##............### ##.###
#......#.......## #....##
......###.......####....#
.#....#...####..#..###..#
.#.....##...#...@.K.#...#
.#.........>......K...###
................##.>..#
##.......#......###...##
.##.#..#.####...###....#
....##.#....##...#.....#
....##.................##
###.##..................#
.##..##..........#......##


You could see a kobold brigand and a kobold.

Vanquished Creatures
  2 shadows
  A steam dragon (D:8)
  2 water moccasins
  Duvessa (D:6)
  2 orc warriors
  3 ice beasts
  3 centaurs
  A phantom (D:3)
  A kobold brigand (D:7)
  3 bullfrogs
  Blork the orc (D:6)
  A scorpion (D:7)
  Dowan (D:6)
  39 killer bees
  A howler monkey (D:9)
  A gnoll bouda (D:7)
  2 orc priests
  2 sleepcaps
  3 orc wizards
  Robin (D:2)
  6 gnolls
  10 adders
  2 white imps
  2 dart slugs (D:1)
  2 worms (D:2)
  25 orcs
  3 bats (D:2)
  3 endoplasms
  2 giant cockroaches
  10 goblins
  10 hobgoblins
  8 jackals
  4 quokkas
  7 ball pythons
  A frilled lizard (D:2)
  13 kobolds
  5 rats
184 creatures vanquished.

Notes
Turn   | Place    | Note
-------+----------+-------------------------------------------
     0 | D:1      | Twinkles the Minotaur Berserker began the quest for the
                  | Orb.
     0 | D:1      | Reached XP level 1. HP: 19/19 MP: 0/0
   110 | D:1      | Reached XP level 2. HP: 10/27 MP: 1/1
   785 | D:2      | Reached XP level 3. HP: 20/33 MP: 2/2
   829 | D:2      | Noticed Robin
   832 | D:2      | Reached ** piety under Trog
   845 | D:2      | Killed Robin
   976 | D:2      | Identified the +5 short sword of Jipaclum {pain, Str+2}
  1106 | D:2      | Reached XP level 4. HP: 40/40 MP: 3/3
  1832 | D:3      | Found a glowing silver altar of Zin.
  1890 | D:3      | Reached XP level 5. HP: 47/47 MP: 4/4
  1919 | D:3      | Found a shimmering altar of Xom.
  1919 | D:3      | Found a blossoming altar of Fedhas.
  2290 | D:4      | Noticed a phantom
  2303 | D:3      | Killed a phantom
  2304 | D:3      | Reached skill level 5 in Axes
  2305 | D:3      | Reached skill level 5 in Fighting
  2448 | D:4      | Reached *** piety under Trog
  2493 | D:4      | Reached XP level 6. HP: 56/56 MP: 5/5
  2545 | D:4      | Found the +7 staff of the Meek {protect, meekguard}
  2588 | D:4      | Found a white marble altar of Elyvilon.
  2817 | D:4      | Found a sacrificial altar of Ru.
  2819 | D:4      | Noticed Menkaure
  2974 | D:4      | HP: 16/56 [??? (13)]
  3253 | D:5      | Entered Level 5 of the Dungeon
  3873 | D:5      | Found an ancient bone altar of Kikubaaqudgha.
  3881 | D:5      | Reached skill level 5 in Armour
  3984 | D:5      | Noticed a water moccasin
  3989 | D:5      | Killed a water moccasin
  3990 | D:5      | Reached XP level 7. HP: 51/62 MP: 6/6
  4058 | D:5      | Reached skill level 5 in Dodging
  4236 | D:6      | Found a broken altar of Ashenzari.
  4251 | D:6      | Noticed Blork the orc
  4256 | D:6      | Reached XP level 8. HP: 65/71 MP: 7/7
  4260 | D:6      | Killed Blork the orc
  4443 | D:6      | Noticed Dowan
  4449 | D:6      | Reached **** piety under Trog
  4558 | D:6      | Found Wuric's Antique Armour Emporium.
  4598 | D:6      | Noticed Duvessa
  4607 | D:6      | Killed Duvessa
  4792 | D:6      | Killed Dowan
  5398 | D:7      | Found a staircase to the Ecumenical Temple.
  5488 | D:8      | Reached XP level 9. HP: 78/81 MP: 8/8
  5754 | D:8      | Found a hazy altar of Hepliaklqana.
  5993 | D:8      | Reached ***** piety under Trog
  6149 | D:8      | Noticed a troll
  6235 | D:8      | Found a sparkling altar of Nemelex Xobeh.
  6512 | D:9      | Reached XP level 10. HP: 91/91 MP: 9/9
  6518 | D:9      | Received a gift from Trog
  6526 | D:9      | HP: 24/136 [something (20)]
  6531 | D:8      | HP: 13/91 [poisoned by a kobold brigand (curare-tipped
                  | dart)]
  6533 | D:8      | Slain by a shadow

Illustrated notes

Levels and vault maps discovered:
D:1:      mrwooster_arrival_arrow, layout_loops_ring
D:2:      minmay_wonky_spiral, layout_basic, uniq_robin
D:3:      layout_rooms, old_standard_altar, nicolae_overflow_two_pavilions
D:4:      layout_cave_pools, mainiacjoe_overflow_paths,
          mainiacjoe_overflow_concentric_impassable,
          hangedman_abyss_or_decor_slice, columned_hall_lemuel, eino_curves_03,
          st_stairs_13, chequers_serial_rivers_micro_b, pf_guarded_unrand_meek,
          uniq_menkaure
D:5:      layout_loops_ring, kiku_gazebo_garden_becter, nicolae_hexahallways
D:6:      layout_cave_pools, mainiacjoe_overflow_tiny_flanked, serial_shops,
          shop, uniq_blork_the_orc, uniq_duvessa
D:7:      layout_rooms, minmay_temple_entry_glass, nicolae_eternal_life
D:8:      wad_woods_minihive, layout_cave_pools,
          worldfamousw_hep_ancestral_shrine, nemelex_spade_bored_becter
D:9:      layout_cave_pools, david_lair_generic, orc_0_dummy, solitary_fountain,
          uniq_erica

Skill      XL: |  1  2  3  4  5  6  7  8  9 |
---------------+----------------------------+-----
Axes           | 4 5 6 8 9 |  9.5
Fighting       | 4 5 6 7 9 |  9.5
Armour         | 3 4 5 6 7 9 |  9.1
Dodging        | 3 4 5 6 8 |  8.4

Action                     |  1- 3 |  4- 6 |  7- 9 | 10-12 || total
---------------------------+-------+-------+-------+-------++-------
  Melee: Hand axe          |    78 |       |       |       ||    78
         Headbutt          |    11 |    14 |    29 |     1 ||    55
         Punch             |     1 |     2 |       |       ||     3
         Short sword       |    16 |    56 |       |       ||    72
         Flail             |       |    36 |       |       ||    36
         Quarterstaff      |       |    43 |   210 |     5 ||   258
 Invoke: Berserk           |       |       |     1 |     1 ||     2
         Trog's Hand       |       |       |     3 |     1 ||     4
   Stab: Sleeping          |       |     1 |       |       ||     1
 Armour: Animal skin       |    28 |     5 |       |       ||    33
         Leather armour    |       |    75 |   156 |       ||   231
         Scale mail        |       |       |       |    13 ||    13
  Dodge: Dodged            |    56 |    98 |   270 |    18 ||   442

Table legend: (Time is in decaauts)
 A = Elapsed time spent in this place.
 B = Non-inter-level travel time spent in this place.
 C = Inter-level travel time spent in this place.
 D = Time resting spent in this place.
 E = Time spent auto-exploring this place.
 F = Levels seen in this place.
 G = Mean time per level.
                   A        B        C        D        E       F      G
               +--------+--------+--------+--------+--------+-----+--------+
         Total |   6647 |   6375 |    272 |    300 |   4870 |   9 |  738.6 |
       Dungeon |   6647 |   6375 |    272 |    300 |   4870 |   9 |  738.6 |
               +--------+--------+--------+--------+--------+-----+--------+

Top non-repeatable levels by time:
     D:5: 1083 daAuts
     D:8: 1065 daAuts
     D:2: 940 daAuts
     D:4: 931 daAuts
     D:1: 804 daAuts
     D:7: 697 daAuts
     D:3: 595 daAuts
     D:6: 498 daAuts
     D:9: 32 daAuts
